 Dungeon Crawl Stone Soup version 0.27-a0-242-ge0fc76b88b (webtiles) character file.

Game seed: 8818613259865322644

111 Borgoz the Slasher (level 4, -13/38 HPs)
             Began as a Ghoul Gladiator on Feb 3, 2021.
             Mangled by an orc warrior
             ... wielding a +0 halberd
              (19 damage)
             ... on level 2 of the Dungeon.
             The game lasted 00:02:56 (1779 turns).

Borgoz the Slasher (Ghoul Gladiator)                Turns: 1779, Time: 00:02:56

Health: -13/38     AC:  8    Str: 14 (17) XL:     4   Next: 92%
Magic:  3/3        EV: 11    Int:  1 (3)  God:
Gold:   81         SH:  0    Dex:  9 (11) Spells: 3/3 levels left

rFire    . . .     SeeInvis .   a - +0 long sword
rCold    + + .     Faith    .   (no shield)
rNeg     + + +     Spirit   .   o - +2 ring mail {rC+}
rPois    ∞         Reflect  .   c - +0 helmet
rElec    .         Harm     .   (no cloak)
rCorr    .         Rampage  .   (no gloves)
Will     .....                  (no boots)
Stlth    ..........             (no amulet)
HPRegen  0.00/turn              (no ring)
MPRegen  0.08/turn              (no ring)

@: hasted, very quick
A: claws 1, cold resistance 1, negative energy resistance 3, inhibited
regeneration, torment resistance, unbreathing
a: no special abilities


You were on level 2 of the Dungeon.
You visited 1 branch of the dungeon, and saw 2 of its levels.

You collected 81 gold pieces.

Inventory:

Hand Weapons
 a - a +0 long sword (weapon)
Armour
 c - a +0 helmet (worn)
 o - a +2 ring mail of cold resistance (worn)
Scrolls
 e - a scroll of enchant armour {unknown}
 g - a scroll of identify {unknown}
 h - a scroll of teleportation {unknown}
 k - a scroll of fog {unknown}
 l - a scroll of blinking {unknown}
 m - a scroll of remove curse {unknown}
 n - 3 scrolls of magic mapping {unknown}
Potions
 j - a potion of attraction {unknown}


   Skills:
 + Level 3.0 Fighting
 * Level 3.7 Long Blades
 - Level 1.7 Throwing
 + Level 1.5 Armour
 + Level 3.2 Dodging


You had 3 spell levels left.
You didn't know any spells.
Your spell library was empty.

Dungeon Overview and Level Annotations

Branches:
Dungeon (2/15)

Altars:


Innate Abilities, Weirdness & Mutations

You thrive by killing the living.
You are immune to poison.
You have sharp fingernails.
Your flesh is cold resistant. (rC+)
You are immune to negative energy. (rN+++)
You do not regenerate when monsters are visible.
You are immune to unholy pain and torment.
You can survive without breathing.


Message History

You slash the orc warrior!
The orc warrior is heavily wounded.
The orc warrior struggles against the net.
You hit the orc warrior.
The orc warrior is severely wounded.
You hit the orc warrior but do no damage.
The orc warrior is severely wounded.
The orc warrior struggles against the net.
You hit the orc warrior but do no damage.
The orc warrior is severely wounded.
The orc warrior struggles against the net.
You barely miss the orc warrior.
The orc warrior is severely wounded.
The orc warrior struggles against the net.
The net rips apart, and the orc warrior comes free!
You closely miss the orc warrior.
The orc warrior is severely wounded.
The orc warrior hits you with a +0 halberd!!
Ouch! That really hurt!
You die...

(......................#...)##..#
.......####........######....# ..
.......####......### ####....#
.†.)............######### ##..#
........#................ ...
......................... ..
##...##.####....########. .
...#........(..)## .
.....##########@.# ......
........o...... ...............
###............ ...#..........
..#...#####.... . ..## ##.. .##
.#


You could see an orc warrior.

Vanquished Creatures
  2 adders (D:2)
  4 gnolls (D:2)
  An ooze (D:2)
  3 dart slugs
  An orc (D:2)
  2 giant cockroaches (D:1)
  7 goblins
  6 hobgoblins
  A quokka (D:2)
  5 bats
  5 frilled lizards
  5 kobolds
  3 rats (D:1)
45 creatures vanquished.

Notes
Turn   | Place    | Note
-------+----------+-------------------------------------------
     0 | D:1      | Borgoz the Ghoul Gladiator began the quest for the Orb.
     0 | D:1      | Reached XP level 1. HP: 17/17 MP: 0/0
   219 | D:1      | Reached XP level 2. HP: 19/25 MP: 1/1
   950 | D:1      | Reached XP level 3. HP: 30/30 MP: 2/2
  1347 | D:2      | Reached skill level 1 in Armour
  1410 | D:2      | Reached XP level 4. HP: 15/37 MP: 3/3
  1753 | D:2      | Noticed an orc warrior
  1779 | D:2      | Mangled by an orc warrior

Illustrated notes

Levels and vault maps discovered:
D:1:      evilmike_arrival_crescent, layout_basic
D:2:      layout_rooms, chequers_ecumenical_altar_lobes

Skill      XL: |  1  2  3  4 |
---------------+-------------+-----
Long Blades    | 3 |  3.7
Dodging        | 3 |  3.2
Armour         | 1 |  1.5
Fighting       | 3 |  3.0
Throwing       | |  1.7

Action                   |  1- 3 |  4- 6 || total
-------------------------+-------+-------++-------
Melee: Long sword        |    92 |    57 ||   149
Throw: Throwing net      |     2 |     3 ||     5
  Use: Potion            |       |     3 ||     3
Armor: Leather armour    |    28 |     7 ||    35
       Ring mail         |       |     4 ||     4
Dodge: Dodged            |    51 |    29 ||    80
       Rpst.: Long sword |    18 |     7 ||    25

Table legend: (Time is in decaauts)
 A = Elapsed time spent in this place.
 B = Non-inter-level travel time spent in this place.
 C = Inter-level travel time spent in this place.
 D = Time resting spent in this place.
 E = Time spent auto-exploring this place.
 F = Levels seen in this place.
 G = Mean time per level.
                   A        B        C        D        E       F      G
               +--------+--------+--------+--------+--------+-----+--------+
         Total |   1806 |   1771 |     35 |    230 |   1205 |   2 |  903.0 |
       Dungeon |   1806 |   1771 |     35 |    230 |   1205 |   2 |  903.0 |
               +--------+--------+--------+--------+--------+-----+--------+

Top non-repeatable levels by time:
     D:1: 1360 daAuts
     D:2: 446 daAuts
